AoeStats
← FlowCycling

Arena

507992915Analyzed
1v1 RM · 12d ago on Sep 20, 2026· 86m 6s· 2 players
Game mode
Random Map
Map size
Tiny (2 player)
Population
200
Speed
Normal
Resources
Standard
Victory
Conquest
Starting age
Dark Age
Ending age
Imperial Age
RankedLock teamsTeams togetherTeam positionsShared explorationLock speedFull tech treeHidden civsTurbo modeCheats
Victory
Defeat
🇨🇳 Italians · China
1030
+17
🇧🇪 Bulgarians · Belgium
1048
-17
310339684
0:26 Loom
12:07 Feudal Age
12:45 Double-Bit Axe
17:52 Castle Age
15:40 Horse Collar
16:08 Gold Mining
16:42 Fletching
18:45 Bow Saw
20:26 Stone Mining
21:14 Wheelbarrow
23:34 Heavy Plow
24:41 Hand Cart
29:03 Imperial Age
27:09 Town Watch
27:58 Bodkin Arrow
28:59 Padded Archer Armor
29:34 Squires
29:32 Crossbowman
32:31 Chemistry
31:52 Ballistics
33:06 Conscription
33:59 Bracer
34:14 Leather Archer Armor
36:28 Ring Archer Armor
36:07 Thumb Ring
37:44 Two-Man Saw
37:16 Masonry
39:30 Crop Rotation
40:57 Pirotechnia
41:12 Bloodlines
41:14 Murder Holes
41:00 Treadmill Crane
42:05 Scale Barding Armor
43:17 Chain Barding Armor
43:08 Forging
43:53 Elite Genoese Crossbowman
46:06 Iron Casting
45:36 Husbandry
44:57 Light Cavalry
47:10 Plate Barding Armor
49:48 Hussar
51:14 Hoardings
51:12 Architecture
50:53 Fortified Wall
51:00 Elite Skirmisher
52:53 Blast Furnace
81:40 Pikeman
82:05 Arson
82:34 Scale Mail Armor
81:57 Capped Ram
FlowCycling
10:34 Feudal Age
12:56 Loom
15:48 Castle Age
14:04 Double-Bit Axe
14:09 Horse Collar
16:22 Bloodlines
17:21 Bow Saw
18:44 Husbandry
19:34 Forging
19:32 Scale Barding Armor
22:02 Heavy Plow
23:21 Squires
23:08 Gambesons
24:21 Scale Mail Armor
26:27 Wheelbarrow
26:00 Arson
27:19 Chain Mail Armor
30:47 Iron Casting
30:50 Chain Barding Armor
33:53 Imperial Age
33:24 Stirrups
34:07 Capped Ram
34:07 Onager
35:55 Conscription
35:54 Siege Onager
37:26 Crop Rotation
37:33 Plate Mail Armor
38:16 Stone Mining
38:18 Gold Mining
39:26 Siege Engineers
39:43 Ballistics
41:17 Chemistry
40:09 Siege Ram
41:51 Plate Barding Armor
42:17 Blast Furnace
43:25 Masonry
43:11 Murder Holes
44:47 Hand Cart
44:20 Town Watch
45:14 Gold Shaft Mining
44:34 Fletching
44:56 Bagains
46:49 Architecture
47:11 Elite Konnik
61:18 Light Cavalry
62:07 Hussar
78:16 Cavalier
81:40 Padded Archer Armor
81:37 Bodkin Arrow
81:09 Elite Skirmisher
81:55 Thumb Ring
83:40 Leather Archer Armor
83:26 Bracer
Connection lost

Rejoining the realm…

Still unreachable

The connection could not be restored.

Session expired

The server has moved on; the page needs a fresh start.